Map: Acid Plant LE

Players

Serral - Winner!

  • Race: Zerg Zerg
  • Spawn Location: 11:00

Lambo

  • Race: Zerg Zerg
  • Spawn Location: 5:00

Event: WCS Montreal 2018

VOD

Have the link to the VOD?

Description

Time

  • Played on: Sept. 9, 2018, 2:15 p.m.
  • Length: 11:08

All games in this series

Show
View Real Time Build Order
Export as new Build Order

Serral Zerg - Winner!

Build Orders: Hatch First 

Get SALT Encoding   

  12  0:00  Drone  
  13  0:12  Overlord  
  13  0:16  Drone  
  14  0:31  Drone x2  
  16  0:49  Hatchery  
  15  0:51  Drone  
  15  0:55  Drone  
  17  0:59  Drone  
  18  1:09  Extractor  
  17  1:13  Spawning Pool  
  17  1:16  Drone  
  17  1:20  Drone  
  18  1:28  Drone  
  19  1:39  Drone  
  20  1:49  Overlord  
  20  2:00  Queen x2  
  24  2:05  Drone x2  
  26  2:08  Metabolic Boost  
  26  2:11  Drone  
  26  2:12  Drone  
  28  2:22  Drone x2  
  30  2:32  Drone  
  30  2:33  Drone  
  32  2:40  Hatchery  
  31  2:44  Queen  
  31  2:49  Overlord  
  33  2:53  Drone  
  33  2:56  Drone, Zergling x2  
  36  3:08  Zergling x12  
  36  3:11  Overlord  
  42  3:15  Zergling x2  
  42  3:17  Zergling x2  
  44  3:27  Roach Warren  
  44  3:28  Overlord  
  44  3:31  Zergling x2  
  44  3:32  Zergling x2  
  45  3:41  Zergling x4  
  45  3:42  Drone  
  45  3:43  Drone x2  
  45  3:46  Queen  
  52  3:49  Drone  
  50  3:56  Zergling x4  
  50  3:58  Drone x3  
  55  4:07  Roach x2  
  55  4:08  Roach  
  61  4:23  Roach  
  63  4:26  Roach  
  63  4:27  Overlord  
  63  4:28  Extractor x2  
  63  4:30  Overlord  
  63  4:31  Evolution Chamber  
  63  4:37  Roach x2  
  65  4:45  Drone x8  
  72  4:51  Overlord  
  71  4:58  Drone x3  
  74  5:00  Zergling x4  
  74  5:01  Drone  
  74  5:03  Zerg Missile Weapons Level 1  
  77  5:07  Drone x2  
  77  5:10  Drone  
  77  5:13  Drone x2  
  81  5:14  Roach  
  81  5:20  Zergling x2  
  81  5:21  Zergling x4  
  86  5:24  Lair  
  86  5:25  Roach  
  86  5:27  Roach  
  90  5:29  Overlord  
  90  5:35  Overlord  
  89  5:37  Overlord  
  89  5:39  Overlord  
  89  5:47  Drone  
  89  5:49  Drone x2  
  92  5:50  Drone x4  
  92  5:51  Drone  
  92  5:52  Drone  
  92  5:53  Extractor x2  
  92  5:55  Drone x2  
  98  6:01  Overlord  
  98  6:03  Drone x2  
  99  6:09  Drone x3  
  100  6:11  Extractor  
  100  6:14  Drone  
  100  6:15  Drone  
  100  6:16  Drone  
  100  6:20  Drone x2  
  100  6:22  Drone x2  
  100  6:25  Drone, Hatchery, Glial Reconstitution  
  96  6:28  Roach x2  
  96  6:30  Roach  
  96  6:32  Roach  
  104  6:37  Roach x2  
  104  6:39  Roach x2  
  112  6:40  Overlord  
  112  6:42  Roach x2  
  112  6:44  Roach  
  112  6:47  Roach  
  116  6:50  Roach x2  
  116  6:51  Spine Crawler  
  118  6:54  Pneumatized Carapace  
  118  6:56  Overlord  
  118  6:57  Roach  
  118  6:58  Roach x2  
  118  6:59  Overseer  
  124  7:02  Zerg Missile Weapons Level 2  
  124  7:09  Evolution Chamber  
  124  7:10  Roach x4  
  133  7:15  Roach  
  133  7:16  Roach x2  
  133  7:19  Overlord x2  
  137  7:26  Overlord x2  
  136  7:30  Ravager  
  136  7:31  Ravager  
  136  7:33  Overlord  
  136  7:36  Zerg Ground Armor Level 1  
  138  7:38  Drone x2  
  138  7:39  Roach  
  138  7:40  Roach x3  
  148  7:46  Roach x4  
  156  7:54  Roach x5  
  166  8:04  Tunneling Claws  
  166  8:05  Burrow  
  166  8:06  Queen  
  166  8:08  Extractor  
  166  8:11  Roach x5  
  177  8:19  Roach  
  183  8:20  Roach x2  
  183  8:21  Overlord x2  
  181  8:32  Roach  
  183  8:47  Roach x3  
  183  8:48  Roach x11  
  186  9:00  Roach x7  
  184  9:06  Roach x14  
  182  9:13  Ravager  
  182  9:15  Roach  
  182  9:16  Roach x3  
  189  9:21  Roach x9  
  197  9:27  Roach x2  
  197  9:31  Overlord  
  197  9:34  Overseer, Roach x35  
  197  9:36  Overlord  
  195  9:41  Roach x3  
  195  9:42  Roach x8  
  197  9:46  Roach  
  199  9:54  Hydralisk Den  
  199  9:58  Ravager x3  
  199  9:59  Ravager  
  200  10:04  Roach x2  
  194  10:07  Roach x17  
  194  10:08  Roach x3  
  198  10:20  Roach x2  
  200  10:21  Overlord  
  200  10:22  Overseer  
  198  10:33  Overseer x2, Spine Crawler x3  
  198  10:34  Overseer, Spine Crawler  
  192  10:40  Ravager  
  192  10:41  Overseer, Roach x3  
Show
View Real Time Build Order
Export as new Build Order

Lambo Zerg 

Build Orders: Hatch First 

Get SALT Encoding   

  12  0:00  Drone  
  13  0:12  Overlord  
  13  0:17  Drone  
  14  0:31  Drone x2  
  16  0:47  Hatchery  
  15  0:51  Drone  
  15  0:54  Drone  
  17  0:57  Drone  
  18  1:04  Extractor  
  17  1:12  Spawning Pool  
  17  1:16  Drone  
  17  1:19  Drone  
  18  1:28  Drone  
  19  1:39  Drone  
  20  1:48  Drone  
  21  1:59  Queen x2  
  21  2:00  Drone, Overlord  
  26  2:04  Metabolic Boost  
  26  2:10  Drone  
  26  2:12  Drone  
  28  2:21  Drone x2  
  30  2:33  Hatchery  
  30  2:36  Drone  
  30  2:41  Zergling x2  
  31  2:45  Overlord  
  31  2:47  Zergling x2  
  32  2:53  Zergling x4  
  34  3:03  Zergling x2  
  35  3:08  Zergling x8  
  35  3:09  Zergling x6  
  42  3:14  Baneling Nest  
  42  3:16  Overlord  
  42  3:18  Drone  
  42  3:28  Drone  
  42  3:31  Drone  
  44  3:39  Drone x3  
  44  3:40  Drone  
  47  3:42  Zergling x4  
  47  3:46  Zergling x4  
  51  3:50  Drone  
  51  3:51  Queen  
  54  3:57  Drone x2  
  54  4:02  Baneling x2  
  55  4:03  Baneling  
  55  4:07  Drone  
  55  4:08  Drone x2  
  58  4:11  Overlord  
  58  4:12  Evolution Chamber  
  58  4:13  Baneling  
  58  4:14  Drone  
  58  4:16  Extractor, Overlord  
  56  4:27  Drone x2  
  56  4:28  Overlord  
  56  4:29  Drone  
  56  4:30  Drone  
  59  4:32  Drone x3  
  59  4:33  Extractor  
  60  4:45  Drone x2, Roach Warren  
  60  4:48  Zergling x14  
  66  4:53  Spine Crawler  
  66  4:57  Zergling x4  
  66  4:58  Spine Crawler  
  66  4:59  Zergling x2  
  68  5:00  Zergling x2  
  68  5:04  Overlord  
  68  5:06  Zergling x4  
  71  5:09  Zergling x4  
  71  5:11  Baneling x2  
  71  5:13  Drone  
  74  5:18  Zerg Missile Weapons Level 1  
  74  5:19  Extractor  
  75  5:23  Drone x8  
  75  5:27  Lair  
  83  5:30  Drone  
  81  5:37  Drone x2  
  81  5:41  Drone x2  
  81  5:43  Drone x2  
  81  5:45  Overlord  
  81  5:46  Extractor  
  81  5:48  Extractor  
  79  5:53  Roach x5  
  87  6:07  Roach x5  
  93  6:14  Drone x2  
  94  6:19  Drone x3  
  94  6:20  Drone  
  94  6:21  Roach  
  94  6:24  Queen  
  98  6:29  Overlord  
  98  6:31  Glial Reconstitution  
  98  6:35  Overlord  
  95  6:44  Drone x9  
  96  6:47  Extractor  
  96  6:48  Queen  
  97  6:57  Roach x3  
  97  6:58  Roach  
  105  7:03  Ravager x4  
  105  7:07  Hatchery  
  108  7:10  Evolution Chamber, Pneumatized Carapace  
  108  7:13  Roach x2  
  111  7:18  Overseer, Overlord  
  110  7:26  Roach  
  110  7:27  Overlord  
  110  7:29  Overlord  
  112  7:31  Overlord  
  112  7:34  Overlord  
  112  7:37  Roach x4  
  120  7:40  Zerg Ground Armor Level 1  
  120  7:43  Overlord  
  120  7:44  Overlord  
  120  7:48  Roach x3  
  120  7:51  Ravager x3, Zerg Missile Weapons Level 2  
  129  7:52  Roach  
  129  7:56  Roach x2  
  135  8:02  Roach x3  
  135  8:03  Roach  
  143  8:10  Roach x2  
  143  8:11  Roach x3  
  153  8:14  Overlord, Roach  
  153  8:17  Roach x2  
  161  8:20  Roach  
  158  8:30  Roach x6  
  170  8:34  Overlord  
  170  8:39  Roach x4  
  176  8:44  Roach x3  
  178  8:48  Roach  
  178  8:49  Roach x2  
  178  8:54  Roach x3  
  178  8:58  Roach x2  
  178  9:01  Roach  
  180  9:05  Tunneling Claws  
  180  9:06  Burrow  
  180  9:07  Roach  
  182  9:12  Roach x2  
  182  9:16  Roach x2  
  188  9:21  Roach x2  
  181  9:24  Overseer  
  181  9:28  Roach x4  
  181  9:29  Overseer  
  183  9:32  Roach x2  
  183  9:37  Roach  
  183  9:38  Roach x2  
  185  9:44  Roach x4  
  181  9:46  Roach x2  
  181  9:48  Overseer  
  181  9:50  Roach  
  187  9:55  Roach x2  
  185  10:08  Roach x2  
  189  10:22  Overlord  
  189  10:24  Hatchery  
  184  10:29  Roach  
  184  10:30  Roach x2  
  184  10:32  Roach x3  
  184  10:35  Roach x8  
  186  10:38  Overlord  
  186  10:40  Overlord  
  186  10:43  Roach x3  
Tags
 
Add a new tag
Caveats
  • Supply blocks, unpowered buildings, or Contaminate may cause inaccurate times.
  • Supply counts are checked every 10 seconds.